Oilers vs Hurricanes

Created - October-19-14 at 10:53

Goals
1 2 3 T
Oilers 1 0 0 1
Hurricanes 0 1 1 2
Shots
1 2 3 T
Oilers 14 1 6 21
Hurricanes 20 15 10 45

1st period

1. Oilers , Mats Zuccarello 2 (Travis Zajac, Brian Campbell) at 4:44 (PP)

Penalties :
Ryan Garbutt (CAR) for Hooking (Minor) at 0:42, Dustin Byfuglien (CAR) for High sticking (Minor) at 3:52, Marc Methot (EDM) for Holding (Minor) at 5:32, Ben Lovejoy (CAR) for Interference (Minor) at 7:47, Mats Zuccarello (EDM) for Tripping (Minor) at 16:49

2nd period

2. Hurricanes , Cal Clutterbuck 1 (Marc Staal, Ben Lovejoy) at 10:11

Penalties :
Brooks Laich (EDM) for Holding (Minor) at 1:27, Mats Zuccarello (EDM) for Charging (Double Minor) at 5:57

3rd period

3. Hurricanes , Dustin Byfuglien 2 (Kevin Czuczman, Eric Staal) at 10:37 (PP)

Penalties :
Ben Lovejoy (CAR) for Holding Stick (Minor) at 4:56, Jake Muzzin (EDM) for Roughing (Double Minor) at 8:22, Jake Muzzin (EDM) for Hooking (Minor) at 11:56, Dustin Byfuglien (CAR) for Tripping (Minor) at 17:52

Goalie Stats

Kari Lehtonen (EDM), 43 saves from 45 shots - (0.956), L, 2-3-0, 59:26 minutes
Mike Smith (CAR), 20 saves from 21 shots - (0.952), W, 4-0-1, 60:00 minutes

Players Stats for Oilers

Player Name              G  A  P  +/- PIM S  H  SB GA TA FO     MP     PP MP  PK MP  
------------------------------------------------------------------------------------
Aleksander Barkov        0  0  0   0  0   1  0  0  0  0  12/17  13:37   0:00   2:04 
Brian Campbell           0  1  1   0  0   2  0  5  0  0  0/0    25:09   4:36   6:44 
Brooks Laich             0  0  0   0  2   0  2  1  0  0  6/12   22:16   4:22   6:36 
Charlie Coyle            0  0  0  -1  0   1  0  0  0  0  2/4     8:03   4:22   0:00 
Colin McDonald           0  0  0  -1  0   0  1  0  0  0  0/0     3:41   0:00   0:00 
Dainius Zubrus           0  0  0   0  0   2  0  0  0  0  10/23  15:41   4:22   0:00 
Dennis Wideman           0  0  0   0  0   2  2  0  0  0  0/0    23:46   4:12   6:41 
Drew Miller              0  0  0   0  0   0  0  0  0  0  0/0    17:10   0:00   6:41 
Emerson Etem             0  0  0  -1  0   0  1  0  0  0  0/0     5:21   0:00   1:40 
Jake Muzzin              0  0  0   0  6   4  1  1  0  0  0/0    21:34   4:12   4:31 
Marc Methot              0  0  0   0  2   0  3  1  0  0  0/0    24:24   4:36   6:00 
Martin Marincin          0  0  0  -1  0   0  0  1  0  0  0/0    14:17   0:00   3:57 
Mats Zuccarello          1  0  1   0  6   1  3  0  0  0  1/1    19:46   4:26   3:57 
Mikkel Boedker           0  0  0   0  0   3  1  0  0  0  0/0    15:51   4:26   0:00 
Nikita Kucherov          0  0  0   0  0   1  0  0  0  0  0/0    11:19   0:00   0:00 
Nikolai Kulemin          0  0  0   0  0   0  3  0  0  0  1/2    10:37   0:00   0:00 
Olli Maatta              0  0  0  -1  0   0  0  0  0  0  0/0    10:47   0:00   0:27 
Travis Zajac             0  1  1   0  0   4  0  1  0  0  12/28  22:25   4:26   7:22 

Players Stats for Hurricanes

Player Name              G  A  P  +/- PIM S  H  SB GA TA FO     MP     PP MP  PK MP  
------------------------------------------------------------------------------------
Ben Lovejoy              0  1  1   1  4   0  0  0  0  0  0/0    16:51   0:00   2:01 
Blake Wheeler            0  0  0   0  0   4  3  0  0  0  5/10   20:26   2:02   4:35 
Brad Richardson          0  0  0   1  0   3  0  0  0  0  9/14   13:53   6:00   0:00 
Brandon McMillan         0  0  0   0  0   0  0  0  0  0  0/0     4:07   0:00   0:00 
Brian Boyle              0  0  0   0  0   2  0  1  0  0  9/19   15:18   6:58   4:13 
Brian Dumoulin           0  0  0   0  0   1  0  1  0  0  0/0    18:18   1:16   2:33 
Cal Clutterbuck          1  0  1   1  0   1  0  1  0  0  0/0    12:28   0:00   4:35 
Cody McCormick           0  0  0   0  0   0  3  0  0  0  0/1    19:52   6:11   0:00 
Derek Roy                0  0  0   0  0   2  0  0  0  0  3/13   15:26   0:00   4:13 
Dustin Byfuglien         1  0  1   0  4   8  3  0  0  0  0/0    25:16   7:00   3:20 
Eric Staal               0  1  1   0  0   7  0  0  0  0  13/23  20:58   7:09   0:00 
Kevin Czuczman           0  1  1   0  0   3  0  2  0  0  0/0    19:31   7:00   5:19 
Marc Staal               0  1  1   1  0   6  0  1  0  0  0/0    24:59   5:54   4:13 
Patrick Maroon           0  0  0   1  0   0  2  0  0  0  0/0     7:53   0:00   0:00 
Raphael Diaz             0  0  0   0  0   0  0  0  0  0  0/0    15:01   7:10   0:10 
Rich Clune               0  0  0   0  0   0  1  0  0  0  1/1     4:07   0:00   0:00 
Ryan Garbutt             0  0  0   0  2   3  4  0  0  0  3/4    18:21   7:09   0:00 
Valeri Nichushkin        0  0  0   0  0   5  0  0  0  0  0/2    18:22   7:01   0:00 

3 Stars

1 - Kari Lehtonen (EDM)
2 - Mike Smith (CAR)
3 - Cal Clutterbuck (CAR)

Power Play

Oilers - 1 on 5 Attempt(s) - 20.00%
Hurricanes - 1 on 8 Attempt(s) - 12.50%

Penalty Kill

Oilers - 7 on 8 Attempt(s) - 87.50% - Score 0 goal in Penalty Kill
Hurricanes - 4 on 5 Attempt(s) - 80.00% - Score 0 goal in Penalty Kill

Official

Referees : Justin StPierre and Darcy Burchell
Linesman : Brad Kovachik and Tim Nowak

Game Notes

No Game Note

Finance

Level 1 -- Attendance: 6000 (100.00%) -- Ticket Income $600,000
Level 2 -- Attendance: 5000 (100.00%) -- Ticket Income $325,000
Level 3 -- Attendance: 3497 (99.91%) -- Ticket Income $157,365
Level 4 -- Attendance: 2657 (82.26%) -- Ticket Income $71,739
Luxury Box -- Attendance: 988 (98.80%) -- Ticket Income $197,600
Game was played at the PNC Arena
Total Attendance: 18142 (96.86%)
Total Ticket Income: $1,351,704
Other Income: $202,756
Total Income: $1,554,460

% Time on Ice - Oilers

Lines # - Real PCT - Wanted PCT - Time Play
Normal Forward
1 - 28% - 30% - 10:29
2 - 31% - 30% - 11:19
3 - 31% - 30% - 11:25
4 - 10% - 10% - 3:41
Normal Defense
1 - 37% - 40% - 13:41
2 - 35% - 30% - 12:53
3 - 28% - 20% - 10:20
4 - 0% - 10% - 0:00
PP Forward
1 - 50% - 50% - 4:26
2 - 50% - 50% - 4:22
PP Defense
1 - 52% - 60% - 4:36
2 - 48% - 40% - 4:12
PK Forward
1 - 58% - 50% - 8:11
2 - 42% - 50% - 5:59
PK Defense
1 - 48% - 50% - 6:44
2 - 52% - 50% - 7:26
PK3 Forward
1 - 0% - 60%
2 - 0% - 40%
PK3 Defense
1 - 0% - 60%
2 - 0% - 40%
44 Forward
1 - 0% - 60%
2 - 0% - 40%
44 Defense
1 - 0% - 60%
2 - 0% - 40%
Last Minute Offensive  - 0:08
Last Minute Defensive  - 0:00
Total
Forward - 60:00
Defense - 60:00

% Time on Ice - Hurricanes

Lines # - Real PCT - Wanted PCT - Time Play
Normal Forward
1 - 37% - 40% - 13:41
2 - 30% - 33% - 11:13
3 - 21% - 17% - 7:53
4 - 11% - 10% - 4:07
Normal Defense
1 - 40% - 35% - 14:52
2 - 39% - 35% - 14:29
3 - 20% - 20% - 7:12
4 - 1% - 10% - 0:21
PP Forward
1 - 50% - 57% - 7:09
2 - 50% - 43% - 7:01
PP Defense
1 - 51% - 50% - 7:10
2 - 49% - 50% - 7:00
PK Forward
1 - 48% - 50% - 4:13
2 - 52% - 50% - 4:35
PK Defense
1 - 52% - 50% - 4:35
2 - 48% - 50% - 4:13
PK3 Forward
1 - 0% - 60%
2 - 0% - 40%
PK3 Defense
1 - 0% - 60%
2 - 0% - 40%
44 Forward
1 - 0% - 50%
2 - 0% - 50%
44 Defense
1 - 0% - 50%
2 - 0% - 50%
Last Minute Offensive  - 0:00
Last Minute Defensive  - 0:08
Total
Forward - 60:00
Defense - 60:00

Play by Play

1st period


0:01 of 1st period - Eric Staal wins face-off versus Travis Zajac in neutral zone.
0:08 of 1st period - Shot by Blake Wheeler.
0:08 of 1st period - Stopped by Kari Lehtonen without a rebound.
0:09 of 1st period - Derek Roy wins face-off versus Dainius Zubrus in Oilers zone.
0:42 of 1st period - Minor Penalty to Ryan Garbutt for Hooking.
0:43 of 1st period - Blake Wheeler wins face-off versus Travis Zajac in Hurricanes zone.
0:43 of 1st period - Blake Wheeler is hit by Mats Zuccarello.
0:56 of 1st period - Icing by Brian Campbell.
0:57 of 1st period - Blake Wheeler wins face-off versus Travis Zajac in Oilers zone.
0:57 of 1st period - Cal Clutterbuck is hit by Marc Methot and loses puck.
3:52 of 1st period - Minor Penalty to Dustin Byfuglien for High sticking.
3:53 of 1st period - Dainius Zubrus wins face-off versus Brian Boyle in Hurricanes zone.
3:56 of 1st period - Shot by Jake Muzzin.
3:56 of 1st period - Stopped by Mike Smith without a rebound.
3:57 of 1st period - Brian Boyle wins face-off versus Dainius Zubrus in Hurricanes zone.
4:03 of 1st period - Icing by Dennis Wideman.
4:04 of 1st period - Dainius Zubrus wins face-off versus Brian Boyle in Oilers zone.
4:06 of 1st period - Icing by Dennis Wideman.
4:07 of 1st period - Blake Wheeler wins face-off versus Dainius Zubrus in Oilers zone.
4:18 of 1st period - Shot by Cal Clutterbuck.
4:18 of 1st period - Shot Misses the Net.
4:24 of 1st period - Shot by Jake Muzzin.
4:24 of 1st period - Shot Misses the Net.
4:26 of 1st period - Shot by Dennis Wideman.
4:26 of 1st period - Shot Blocked by Kevin Czuczman.
4:28 of 1st period - Shot by Dennis Wideman.
4:28 of 1st period - Stopped by Mike Smith with a rebound.
4:30 of 1st period - Shot by Jake Muzzin.
4:30 of 1st period - Stopped by Mike Smith without a rebound.
4:31 of 1st period - Brian Boyle wins face-off versus Travis Zajac in Hurricanes zone.
4:44 of 1st period - Shot by Mats Zuccarello.
4:44 of 1st period - Goal by Mats Zuccarello - Oilers : 1 - Hurricanes : 0.
4:45 of 1st period - Eric Staal wins face-off versus Dainius Zubrus in neutral zone.
4:58 of 1st period - Dustin Byfuglien is hit by Dennis Wideman and loses puck.
5:05 of 1st period - Shot by Eric Staal.
5:05 of 1st period - Stopped by Kari Lehtonen without a rebound.
5:06 of 1st period - Mats Zuccarello wins face-off versus Derek Roy in Oilers zone.
5:19 of 1st period - Ben Lovejoy is hit by Mats Zuccarello and loses puck.
5:28 of 1st period - Shot by Derek Roy.
5:28 of 1st period - Deflect By Valeri Nichushkin.
5:28 of 1st period - Stopped by Kari Lehtonen with a rebound.
5:30 of 1st period - Shot by Derek Roy.
5:30 of 1st period - Shot Blocked by Marc Methot.
5:32 of 1st period - Shot by Marc Staal.
5:32 of 1st period - Stopped by Kari Lehtonen without a rebound.
5:32 of 1st period - Minor Penalty to Marc Methot for Holding.
5:33 of 1st period - Brooks Laich wins face-off versus Eric Staal in Oilers zone.
5:58 of 1st period - Shot by Kevin Czuczman.
5:58 of 1st period - Shot Blocked by Travis Zajac.
6:00 of 1st period - Shot by Ryan Garbutt.
6:00 of 1st period - Deflect By Eric Staal.
6:00 of 1st period - Stopped by Kari Lehtonen without a rebound.
6:01 of 1st period - Brad Richardson wins face-off versus Brooks Laich in Oilers zone.
6:25 of 1st period - Shot by Valeri Nichushkin.
6:25 of 1st period - Shot Blocked by Brian Campbell.
6:27 of 1st period - Shot by Marc Staal.
6:27 of 1st period - Stopped by Kari Lehtonen with a rebound.
6:29 of 1st period - Shot by Brad Richardson.
6:29 of 1st period - Stopped by Kari Lehtonen with a rebound.
6:31 of 1st period - Shot by Valeri Nichushkin.
6:31 of 1st period - Stopped by Kari Lehtonen without a rebound.
6:32 of 1st period - Eric Staal wins face-off versus Brooks Laich in Oilers zone.
6:55 of 1st period - Travis Zajac is hit by Cody McCormick.
7:47 of 1st period - Minor Penalty to Ben Lovejoy for Interference.
7:48 of 1st period - Brian Boyle wins face-off versus Dainius Zubrus in Hurricanes zone.
8:01 of 1st period - Shot by Marc Methot.
8:01 of 1st period - Shot Blocked by Cal Clutterbuck.
8:11 of 1st period - Shot by Dainius Zubrus.
8:11 of 1st period - Stopped by Mike Smith without a rebound.
8:12 of 1st period - Brian Boyle wins face-off versus Travis Zajac in Hurricanes zone.
8:33 of 1st period - Shot by Mikkel Boedker.
8:33 of 1st period - Stopped by Mike Smith with a rebound.
8:35 of 1st period - Shot by Travis Zajac.
8:35 of 1st period - Shot Blocked by Brian Boyle.
8:37 of 1st period - Shot by Travis Zajac.
8:37 of 1st period - Shot Misses the Net.
8:39 of 1st period - Shot by Mats Zuccarello.
8:39 of 1st period - Shot Misses the Net.
8:41 of 1st period - Shot by Travis Zajac.
8:41 of 1st period - Stopped by Mike Smith with a rebound.
8:43 of 1st period - Shot by Mikkel Boedker.
8:43 of 1st period - Shot Misses the Net.
9:12 of 1st period - Icing by Brian Campbell.
9:13 of 1st period - Dainius Zubrus wins face-off versus Blake Wheeler in Oilers zone.
9:20 of 1st period - Shot by Charlie Coyle.
9:20 of 1st period - Stopped by Mike Smith without a rebound.
9:21 of 1st period - Dainius Zubrus wins face-off versus Blake Wheeler in Hurricanes zone.
10:27 of 1st period - Icing by Olli Maatta.
10:28 of 1st period - Derek Roy wins face-off versus Travis Zajac in Oilers zone.
10:35 of 1st period - Shot by Dustin Byfuglien.
10:35 of 1st period - Stopped by Kari Lehtonen without a rebound.
10:36 of 1st period - Aleksander Barkov wins face-off versus Ryan Garbutt in Oilers zone.
10:49 of 1st period - Marc Methot is hit by Ryan Garbutt.
10:50 of 1st period - Icing by Marc Methot.
10:51 of 1st period - Aleksander Barkov wins face-off versus Brian Boyle in Oilers zone.
10:51 of 1st period - Aleksander Barkov is hit by Rich Clune.
10:56 of 1st period - Icing by Mikkel Boedker.
10:57 of 1st period - Aleksander Barkov wins face-off versus Derek Roy in Oilers zone.
10:57 of 1st period - Brian Campbell is hit by Ryan Garbutt.
11:39 of 1st period - Shot by Mikkel Boedker.
11:39 of 1st period - Stopped by Mike Smith without a rebound.
11:40 of 1st period - Dainius Zubrus wins face-off versus Cody McCormick in Hurricanes zone.
12:00 of 1st period - Shot by Jake Muzzin.
12:00 of 1st period - Stopped by Mike Smith with a rebound.
12:53 of 1st period - Shot by Martin Marincin.
12:53 of 1st period - Shot Misses the Net.
13:33 of 1st period - Shot by Derek Roy.
13:33 of 1st period - Stopped by Kari Lehtonen without a rebound.
13:34 of 1st period - Charlie Coyle wins face-off versus Derek Roy in Oilers zone.
14:03 of 1st period - Brian Dumoulin is hit by Emerson Etem and loses puck.
14:09 of 1st period - Icing by Dustin Byfuglien.
14:10 of 1st period - Dainius Zubrus wins face-off versus Derek Roy in Hurricanes zone.
14:17 of 1st period - Dennis Wideman is hit by Ryan Garbutt and loses puck.
14:50 of 1st period - Shot by Dainius Zubrus.
14:50 of 1st period - Stopped by Mike Smith without a rebound.
14:51 of 1st period - Brian Boyle wins face-off versus Aleksander Barkov in Hurricanes zone.
14:51 of 1st period - Brian Boyle is hit by Mats Zuccarello.
15:10 of 1st period - Brandon McMillan is hit by Marc Methot.
15:21 of 1st period - Kevin Czuczman is hit by Mikkel Boedker.
15:22 of 1st period - Icing by Kevin Czuczman.
15:23 of 1st period - Brian Boyle wins face-off versus Nikolai Kulemin in Hurricanes zone.
16:12 of 1st period - Shot by Ryan Garbutt.
16:12 of 1st period - Stopped by Kari Lehtonen without a rebound.
16:13 of 1st period - Eric Staal wins face-off versus Dainius Zubrus in Oilers zone.
16:16 of 1st period - Shot by Blake Wheeler.
16:16 of 1st period - Stopped by Kari Lehtonen without a rebound.
16:17 of 1st period - Eric Staal wins face-off versus Dainius Zubrus in Oilers zone.
16:22 of 1st period - Shot by Eric Staal.
16:22 of 1st period - Shot Misses the Net.
16:38 of 1st period - Shot by Dainius Zubrus.
16:38 of 1st period - Deflect By Nikita Kucherov.
16:38 of 1st period - Stopped by Mike Smith with a rebound.
16:40 of 1st period - Shot by Brian Campbell.
16:40 of 1st period - Stopped by Mike Smith without a rebound.
16:41 of 1st period - Aleksander Barkov wins face-off versus Derek Roy in Hurricanes zone.
16:49 of 1st period - Minor Penalty to Mats Zuccarello for Tripping.
16:50 of 1st period - Brad Richardson wins face-off versus Brooks Laich in Oilers zone.
16:51 of 1st period - Shot by Marc Staal.
16:51 of 1st period - Stopped by Kari Lehtonen with a rebound.
16:53 of 1st period - Shot by Brian Boyle.
16:53 of 1st period - Stopped by Kari Lehtonen without a rebound.
16:54 of 1st period - Brooks Laich wins face-off versus Eric Staal in Oilers zone.
17:23 of 1st period - Shot by Marc Staal.
17:23 of 1st period - Stopped by Kari Lehtonen without a rebound.
17:24 of 1st period - Travis Zajac wins face-off versus Valeri Nichushkin in Oilers zone.
17:51 of 1st period - Shot by Dustin Byfuglien.
17:51 of 1st period - Stopped by Kari Lehtonen without a rebound.
17:52 of 1st period - Ryan Garbutt wins face-off versus Brooks Laich in Oilers zone.
18:19 of 1st period - Shot by Raphael Diaz.
18:19 of 1st period - Shot Misses the Net.
18:21 of 1st period - Shot by Marc Staal.
18:21 of 1st period - Stopped by Kari Lehtonen without a rebound.
18:22 of 1st period - Brad Richardson wins face-off versus Travis Zajac in Oilers zone.
18:27 of 1st period - Shot by Dustin Byfuglien.
18:27 of 1st period - Stopped by Kari Lehtonen without a rebound.
18:28 of 1st period - Travis Zajac wins face-off versus Brad Richardson in Oilers zone.
18:39 of 1st period - Shot by Kevin Czuczman.
18:39 of 1st period - Stopped by Kari Lehtonen with a rebound.
18:41 of 1st period - Shot by Dustin Byfuglien.
18:41 of 1st period - Stopped by Kari Lehtonen without a rebound.
18:42 of 1st period - Brooks Laich wins face-off versus Eric Staal in Oilers zone.
18:42 of 1st period - Brooks Laich is hit by Cody McCormick.
19:06 of 1st period - Mikkel Boedker is hit by Dustin Byfuglien and loses puck.
19:13 of 1st period - Shot by Aleksander Barkov.
19:13 of 1st period - Stopped by Mike Smith without a rebound.
19:14 of 1st period - Eric Staal wins face-off versus Dainius Zubrus in Hurricanes zone.
19:20 of 1st period - Shot by Blake Wheeler.
19:20 of 1st period - Shot Misses the Net.
19:22 of 1st period - Shot by Marc Staal.
19:22 of 1st period - Shot Misses the Net.
19:59 of 1st period - Icing by Jake Muzzin.
Goals for this period are 1 for Oilers vs 0 for Hurricanes.
Shots for this period are 14 for Oilers vs 20 for Hurricanes.

2nd period


0:01 of 2nd period - Aleksander Barkov wins face-off versus Eric Staal in neutral zone.
0:22 of 2nd period - Brian Campbell is hit by Blake Wheeler.
1:07 of 2nd period - Shot by Nikolai Kulemin.
1:07 of 2nd period - Deflect By Travis Zajac.
1:07 of 2nd period - Stopped by Mike Smith without a rebound.
1:08 of 2nd period - Dainius Zubrus wins face-off versus Brad Richardson in Hurricanes zone.
1:13 of 2nd period - Shot by Nikita Kucherov.
1:13 of 2nd period - Shot Blocked by Kevin Czuczman.
1:27 of 2nd period - Minor Penalty to Brooks Laich for Holding.
1:28 of 2nd period - Aleksander Barkov wins face-off versus Brian Boyle in Oilers zone.
1:48 of 2nd period - Shot by Marc Staal.
1:48 of 2nd period - Shot Misses the Net.
1:50 of 2nd period - Shot by Brad Richardson.
1:50 of 2nd period - Stopped by Kari Lehtonen without a rebound.
1:51 of 2nd period - Ryan Garbutt wins face-off versus Travis Zajac in Oilers zone.
1:52 of 2nd period - Shot by Eric Staal.
1:52 of 2nd period - Shot Misses the Net.
1:56 of 2nd period - Shot by Dustin Byfuglien.
1:56 of 2nd period - Shot Blocked by Brian Campbell.
1:58 of 2nd period - Shot by Dustin Byfuglien.
1:58 of 2nd period - Shot Misses the Net.
2:00 of 2nd period - Shot by Dustin Byfuglien.
2:00 of 2nd period - Stopped by Kari Lehtonen without a rebound.
2:01 of 2nd period - Eric Staal wins face-off versus Aleksander Barkov in Oilers zone.
2:16 of 2nd period - Shot by Eric Staal.
2:16 of 2nd period - Stopped by Kari Lehtonen with a rebound.
2:26 of 2nd period - Shot by Kevin Czuczman.
2:26 of 2nd period - Stopped by Kari Lehtonen without a rebound.
2:27 of 2nd period - Brad Richardson wins face-off versus Travis Zajac in Oilers zone.
2:33 of 2nd period - Valeri Nichushkin is hit by Dennis Wideman and loses puck.
2:40 of 2nd period - Shot by Raphael Diaz.
2:40 of 2nd period - Shot Blocked by Jake Muzzin.
2:42 of 2nd period - Shot by Marc Staal.
2:42 of 2nd period - Shot Misses the Net.
2:44 of 2nd period - Shot by Brian Boyle.
2:44 of 2nd period - Deflect By Valeri Nichushkin.
2:44 of 2nd period - Shot Misses the Net.
3:04 of 2nd period - Shot by Valeri Nichushkin.
3:04 of 2nd period - Stopped by Kari Lehtonen without a rebound.
3:05 of 2nd period - Aleksander Barkov wins face-off versus Eric Staal in Oilers zone.
3:18 of 2nd period - Shot by Dustin Byfuglien.
3:18 of 2nd period - Stopped by Kari Lehtonen with a rebound.
3:20 of 2nd period - Shot by Dustin Byfuglien.
3:20 of 2nd period - Shot Blocked by Brian Campbell.
3:22 of 2nd period - Shot by Eric Staal.
3:22 of 2nd period - Shot Blocked by Brian Campbell.
3:24 of 2nd period - Shot by Kevin Czuczman.
3:24 of 2nd period - Shot Blocked by Brian Campbell.
3:26 of 2nd period - Shot by Cody McCormick.
3:26 of 2nd period - Deflect By Eric Staal.
3:26 of 2nd period - Stopped by Kari Lehtonen with a rebound.
3:30 of 2nd period - Shot by Marc Staal.
3:30 of 2nd period - Stopped by Kari Lehtonen without a rebound.
3:31 of 2nd period - Dainius Zubrus wins face-off versus Brian Boyle in Oilers zone.
5:57 of 2nd period - Double Minor Penalty to Mats Zuccarello for Charging.
5:58 of 2nd period - Brooks Laich wins face-off versus Brad Richardson in Oilers zone.
6:19 of 2nd period - Shot by Valeri Nichushkin.
6:19 of 2nd period - Stopped by Kari Lehtonen without a rebound.
6:20 of 2nd period - Travis Zajac wins face-off versus Brad Richardson in Oilers zone.
6:32 of 2nd period - Icing by Brian Boyle.
6:33 of 2nd period - Travis Zajac wins face-off versus Brad Richardson in Hurricanes zone.
7:58 of 2nd period - Shot by Kevin Czuczman.
7:58 of 2nd period - Stopped by Kari Lehtonen without a rebound.
7:59 of 2nd period - Brooks Laich wins face-off versus Blake Wheeler in Oilers zone.
8:03 of 2nd period - Brian Campbell is hit by Ryan Garbutt and loses puck.
8:17 of 2nd period - Brian Campbell is hit by Blake Wheeler and loses puck.
8:49 of 2nd period - Icing by Dustin Byfuglien.
8:50 of 2nd period - Brad Richardson wins face-off versus Travis Zajac in Hurricanes zone.
9:01 of 2nd period - Shot by Brad Richardson.
9:01 of 2nd period - Stopped by Kari Lehtonen with a rebound.
10:11 of 2nd period - Shot by Cal Clutterbuck.
10:11 of 2nd period - Goal by Cal Clutterbuck - Oilers : 1 - Hurricanes : 1.
10:12 of 2nd period - Rich Clune wins face-off versus Aleksander Barkov in neutral zone.
10:59 of 2nd period - Mats Zuccarello is hit by Patrick Maroon and loses puck.
11:40 of 2nd period - Shot by Raphael Diaz.
11:40 of 2nd period - Shot Misses the Net.
12:01 of 2nd period - Icing by Valeri Nichushkin.
12:02 of 2nd period - Travis Zajac wins face-off versus Derek Roy in Hurricanes zone.
12:08 of 2nd period - Off-side.
12:09 of 2nd period - Eric Staal wins face-off versus Travis Zajac in neutral zone.
14:07 of 2nd period - Icing by Ryan Garbutt.
14:08 of 2nd period - Aleksander Barkov wins face-off versus Derek Roy in Hurricanes zone.
14:33 of 2nd period - Shot by Ryan Garbutt.
14:33 of 2nd period - Shot Misses the Net.
14:35 of 2nd period - Shot by Raphael Diaz.
14:35 of 2nd period - Shot Misses the Net.
15:18 of 2nd period - Shot by Eric Staal.
15:18 of 2nd period - Shot Misses the Net.
15:20 of 2nd period - Shot by Brian Dumoulin.
15:20 of 2nd period - Shot Misses the Net.
15:22 of 2nd period - Shot by Eric Staal.
15:22 of 2nd period - Stopped by Kari Lehtonen without a rebound.
15:23 of 2nd period - Charlie Coyle wins face-off versus Brian Boyle in Oilers zone.
15:44 of 2nd period - Shot by Brian Boyle.
15:44 of 2nd period - Stopped by Kari Lehtonen without a rebound.
15:45 of 2nd period - Eric Staal wins face-off versus Dainius Zubrus in Oilers zone.
16:28 of 2nd period - Shot by Eric Staal.
16:28 of 2nd period - Stopped by Kari Lehtonen without a rebound.
16:29 of 2nd period - Ryan Garbutt wins face-off versus Travis Zajac in Oilers zone.
16:39 of 2nd period - Derek Roy is hit by Nikolai Kulemin and loses puck.
17:12 of 2nd period - Shot by Ryan Garbutt.
17:12 of 2nd period - Shot Misses the Net.
17:28 of 2nd period - Icing by Marc Staal.
17:29 of 2nd period - Aleksander Barkov wins face-off versus Derek Roy in Hurricanes zone.
18:57 of 2nd period - Icing by Dainius Zubrus.
18:58 of 2nd period - Brian Boyle wins face-off versus Dainius Zubrus in Oilers zone.
19:13 of 2nd period - Shot by Brandon McMillan.
19:13 of 2nd period - Shot Misses the Net.
19:15 of 2nd period - Shot by Brandon McMillan.
19:15 of 2nd period - Shot Misses the Net.
19:43 of 2nd period - Brandon McMillan is hit by Nikolai Kulemin and loses puck.
Goals for this period are 0 for Oilers vs 1 for Hurricanes.
Shots for this period are 1 for Oilers vs 15 for Hurricanes.

3rd period


0:01 of 3rd period - Travis Zajac wins face-off versus Derek Roy in neutral zone.
0:17 of 3rd period - Icing by Brian Dumoulin.
0:18 of 3rd period - Aleksander Barkov wins face-off versus Valeri Nichushkin in Hurricanes zone.
0:31 of 3rd period - Shot by Derek Roy.
0:31 of 3rd period - Shot Misses the Net.
0:47 of 3rd period - Shot by Valeri Nichushkin.
0:47 of 3rd period - Stopped by Kari Lehtonen without a rebound.
0:48 of 3rd period - Travis Zajac wins face-off versus Eric Staal in Oilers zone.
0:48 of 3rd period - Travis Zajac is hit by Cody McCormick.
0:54 of 3rd period - Shot by Blake Wheeler.
0:54 of 3rd period - Stopped by Kari Lehtonen without a rebound.
0:55 of 3rd period - Eric Staal wins face-off versus Travis Zajac in Oilers zone.
0:55 of 3rd period - Blake Wheeler is hit by Marc Methot and loses puck.
1:06 of 3rd period - Shot by Blake Wheeler.
1:06 of 3rd period - Shot Misses the Net.
1:21 of 3rd period - Kevin Czuczman is hit by Nikolai Kulemin and loses puck.
1:40 of 3rd period - Shot by Travis Zajac.
1:40 of 3rd period - Stopped by Mike Smith without a rebound.
1:41 of 3rd period - Derek Roy wins face-off versus Dainius Zubrus in Hurricanes zone.
1:41 of 3rd period - Derek Roy is hit by Brooks Laich.
1:57 of 3rd period - Shot by Ryan Garbutt.
1:57 of 3rd period - Shot Misses the Net.
3:30 of 3rd period - Icing by Blake Wheeler.
3:31 of 3rd period - Aleksander Barkov wins face-off versus Eric Staal in Hurricanes zone.
4:43 of 3rd period - Shot by Dustin Byfuglien.
4:43 of 3rd period - Shot Blocked by Martin Marincin.
4:45 of 3rd period - Shot by Brian Dumoulin.
4:45 of 3rd period - Stopped by Kari Lehtonen without a rebound.
4:46 of 3rd period - Brad Richardson wins face-off versus Charlie Coyle in Oilers zone.
4:56 of 3rd period - Minor Penalty to Ben Lovejoy for Holding Stick.
4:57 of 3rd period - Travis Zajac wins face-off versus Brian Boyle in Hurricanes zone.
5:11 of 3rd period - Brian Campbell is hit by Dustin Byfuglien and loses puck.
5:56 of 3rd period - Icing by Jake Muzzin.
5:57 of 3rd period - Dainius Zubrus wins face-off versus Brian Boyle in Oilers zone.
6:08 of 3rd period - Shot by Charlie Coyle.
6:08 of 3rd period - Shot Misses the Net.
6:10 of 3rd period - Shot by Dennis Wideman.
6:10 of 3rd period - Stopped by Mike Smith with a rebound.
6:12 of 3rd period - Shot by Dainius Zubrus.
6:12 of 3rd period - Shot Misses the Net.
6:26 of 3rd period - Shot by Brian Campbell.
6:26 of 3rd period - Deflect By Travis Zajac.
6:26 of 3rd period - Stopped by Mike Smith without a rebound.
6:27 of 3rd period - Blake Wheeler wins face-off versus Travis Zajac in Hurricanes zone.
6:48 of 3rd period - Shot by Brian Campbell.
6:48 of 3rd period - Shot Misses the Net.
6:50 of 3rd period - Shot by Mats Zuccarello.
6:50 of 3rd period - Shot Blocked by Marc Staal.
7:30 of 3rd period - Shot by Ryan Garbutt.
7:30 of 3rd period - Stopped by Kari Lehtonen without a rebound.
7:31 of 3rd period - Nikolai Kulemin wins face-off versus Eric Staal in Oilers zone.
7:42 of 3rd period - Shot by Blake Wheeler.
7:42 of 3rd period - Shot Misses the Net.
8:05 of 3rd period - Shot by Dustin Byfuglien.
8:05 of 3rd period - Shot Misses the Net.
8:07 of 3rd period - Shot by Cody McCormick.
8:07 of 3rd period - Shot Misses the Net.
8:09 of 3rd period - Shot by Dustin Byfuglien.
8:09 of 3rd period - Stopped by Kari Lehtonen with a rebound.
8:22 of 3rd period - Double Minor Penalty to Jake Muzzin for Roughing.
8:23 of 3rd period - Brad Richardson wins face-off versus Brooks Laich in Oilers zone.
10:37 of 3rd period - Shot by Dustin Byfuglien.
10:37 of 3rd period - Goal by Dustin Byfuglien - Oilers : 1 - Hurricanes : 2.
10:38 of 3rd period - Brad Richardson wins face-off versus Charlie Coyle in neutral zone.
11:06 of 3rd period - Marc Staal is hit by Colin McDonald and loses puck.
11:32 of 3rd period - Mikkel Boedker is hit by Blake Wheeler and loses puck.
11:42 of 3rd period - Aleksander Barkov is hit by Dustin Byfuglien and loses puck.
11:52 of 3rd period - Blake Wheeler is hit by Jake Muzzin and loses puck.
11:56 of 3rd period - Minor Penalty to Jake Muzzin for Hooking.
11:57 of 3rd period - Eric Staal wins face-off versus Brooks Laich in Oilers zone.
12:06 of 3rd period - Raphael Diaz is hit by Brooks Laich and loses puck.
12:23 of 3rd period - Shot by Eric Staal.
12:23 of 3rd period - Stopped by Kari Lehtonen without a rebound.
12:24 of 3rd period - Travis Zajac wins face-off versus Blake Wheeler in Oilers zone.
13:04 of 3rd period - Icing by Valeri Nichushkin.
13:05 of 3rd period - Blake Wheeler wins face-off versus Travis Zajac in Hurricanes zone.
13:37 of 3rd period - Icing by Marc Staal.
13:38 of 3rd period - Eric Staal wins face-off versus Travis Zajac in Hurricanes zone.
15:20 of 3rd period - Shot by Derek Roy.
15:20 of 3rd period - Stopped by Kari Lehtonen with a rebound.
15:22 of 3rd period - Shot by Raphael Diaz.
15:22 of 3rd period - Deflect By Ryan Garbutt.
15:22 of 3rd period - Stopped by Kari Lehtonen without a rebound.
15:23 of 3rd period - Dainius Zubrus wins face-off versus Eric Staal in Oilers zone.
15:30 of 3rd period - Shot by Dennis Wideman.
15:30 of 3rd period - Shot Blocked by Brian Dumoulin.
15:40 of 3rd period - Shot by Blake Wheeler.
15:40 of 3rd period - Shot Blocked by Brooks Laich.
15:44 of 3rd period - Shot by Eric Staal.
15:44 of 3rd period - Deflect By Blake Wheeler.
15:44 of 3rd period - Stopped by Kari Lehtonen without a rebound.
15:45 of 3rd period - Aleksander Barkov wins face-off versus Brian Boyle in Oilers zone.
16:00 of 3rd period - Shot by Mikkel Boedker.
16:00 of 3rd period - Stopped by Mike Smith without a rebound.
16:01 of 3rd period - Brooks Laich wins face-off versus Derek Roy in Hurricanes zone.
16:25 of 3rd period - Off-side.
16:26 of 3rd period - Eric Staal wins face-off versus Aleksander Barkov in neutral zone.
16:36 of 3rd period - Icing by Mikkel Boedker.
16:37 of 3rd period - Brad Richardson wins face-off versus Aleksander Barkov in Oilers zone.
16:45 of 3rd period - Mats Zuccarello is hit by Patrick Maroon.
17:52 of 3rd period - Minor Penalty to Dustin Byfuglien for Tripping.
17:53 of 3rd period - Brian Boyle wins face-off versus Dainius Zubrus in Hurricanes zone.
18:02 of 3rd period - Shot by Jake Muzzin.
18:02 of 3rd period - Stopped by Mike Smith without a rebound.
18:03 of 3rd period - Brian Boyle wins face-off versus Dainius Zubrus in Hurricanes zone.
18:41 of 3rd period - Shot by Brian Campbell.
18:41 of 3rd period - Stopped by Mike Smith without a rebound.
18:42 of 3rd period - Travis Zajac wins face-off versus Brian Boyle in Hurricanes zone.
18:56 of 3rd period - Icing by Mats Zuccarello.
18:57 of 3rd period - Travis Zajac wins face-off versus Blake Wheeler in Oilers zone.
19:18 of 3rd period - Oilers, Kari Lehtonen is pulled from the net.
19:51 of 3rd period - Icing by Dainius Zubrus.
19:52 of 3rd period - Kari Lehtonen from Oilers was sent back in the game.
19:52 of 3rd period - Travis Zajac wins face-off versus Eric Staal in Oilers zone.
Goals for this period are 0 for Oilers vs 1 for Hurricanes.
Shots for this period are 6 for Oilers vs 10 for Hurricanes.


Output by the SimonT Hockey Simulator (STHS) for Stephane Roy -- Original Page W3C XHTML 1.0 Valid
Hockey Simulator - Hockey Simulation - Hockey Manager